Map: Mothership LE

Players

SCIInewby

  • Race: Zerg Zerg
  • League: Master
  • Spawn Location: 1:00

Larvastic - Winner!

  • Race: Zerg Zerg
  • League: Master
  • Spawn Location: 6:00

VOD

Have the link to the VOD?

Description

Time

  • Played on: Feb. 5, 2026, 8:27 p.m.
  • Length: 8:21
Show
View Real Time Build Order
Export as new Build Order

SCIInewby Zerg 

Build Orders: Hatch First 

Get SALT Encoding   

  12  0:00  Drone  
  13  0:19  Drone  
  14  0:24  Extractor  
  14  0:25  Drone  
  15  0:31  Overlord  
  15  0:48  Hatchery  
  14  0:52  Drone  
  14  0:53  Drone  
  16  0:57  Drone  
  17  1:14  Spawning Pool  
  17  1:16  Extractor  
  17  1:17  Drone  
  16  1:21  Drone  
  17  1:30  Drone  
  18  1:35  Drone  
  18  1:37  Extractor  
  18  1:48  Overlord  
  18  1:57  Drone  
  19  2:03  Drone  
  19  2:06  Roach Warren  
  19  2:17  Queen  
  21  2:26  Drone x2  
  23  2:39  Queen  
  25  2:44  Zergling x2  
  25  2:50  Drone  
  27  2:59  Spine Crawler  
  27  3:03  Zergling x4  
  28  3:09  Drone  
  29  3:25  Drone  
  29  3:26  Drone  
  33  3:27  Drone x3  
  33  3:30  Overlord  
  34  3:35  Extractor  
  34  3:37  Extractor  
  32  3:45  Lair  
  32  3:51  Roach  
  32  3:53  Roach  
  36  3:57  Drone  
  36  4:02  Drone x2  
  39  4:13  Evolution Chamber  
  37  4:40  Zerg Missile Weapons Level 1  
  37  4:45  Zergling x2, Spire  
  37  4:46  Zergling x16  
  43  4:55  Overlord x2  
  41  5:05  Roach  
  41  5:07  Drone  
  44  5:08  Overlord  
  44  5:22  Drone x2  
  44  5:23  Drone x4  
  41  5:51  Drone x2  
  41  5:52  Drone x2, Mutalisk x2  
  41  5:53  Mutalisk x2  
  51  6:05  Zerg Flyer Weapons Level 1  
  51  6:11  Infestation Pit  
  50  6:13  Drone x4  
  54  6:29  Mutalisk x3  
  54  6:30  Mutalisk  
  60  6:39  Mutalisk x2  
  62  6:46  Spine Crawler  
  59  6:52  Mutalisk  
  47  7:04  Drone x2  
  47  7:05  Drone  
  45  7:18  Mutalisk  
  45  7:19  Zergling x2  
  32  7:36  Drone  
Show
View Real Time Build Order
Export as new Build Order

Larvastic Zerg - Winner!

Build Orders: Hatch First 

Get SALT Encoding   

  12  0:00  Drone  
  13  0:12  Overlord  
  13  0:18  Drone  
  14  0:23  Extractor, Drone  
  15  0:30  Drone  
  16  0:36  Drone  
  17  0:51  Hatchery  
  17  0:56  Drone  
  17  0:58  Drone  
  18  1:07  Drone  
  19  1:11  Extractor  
  19  1:17  Spawning Pool  
  17  1:21  Drone  
  18  1:27  Drone  
  19  1:38  Drone  
  20  1:48  Overlord  
  20  2:04  Queen  
  20  2:05  Queen  
  24  2:11  Drone  
  24  2:12  Drone x2  
  27  2:19  Extractor  
  27  2:21  Drone  
  27  2:22  Drone  
  28  2:31  Drone  
  28  2:35  Drone  
  30  2:40  Drone  
  31  2:54  Evolution Chamber  
  31  2:56  Drone x3  
  31  2:58  Drone  
  34  3:07  Evolution Chamber  
  34  3:08  Drone x2  
  35  3:13  Roach Warren  
  33  3:22  Spine Crawler, Zerg Missile Weapons Level 1  
  33  3:23  Drone x3  
  33  3:24  Drone  
  36  3:29  Overlord  
  36  3:34  Overlord  
  36  3:42  Zerg Ground Armor Level 1  
  36  3:48  Drone x3  
  38  3:53  Drone x2  
  41  4:00  Lair  
  42  4:02  Drone  
  42  4:03  Drone  
  42  4:06  Drone  
  42  4:07  Drone  
  45  4:11  Drone  
  45  4:12  Drone x2  
  48  4:20  Extractor  
  47  4:25  Roach x2  
  51  4:34  Extractor  
  50  4:38  Overlord x3  
  50  4:39  Overlord x2  
  50  4:40  Overlord  
  50  4:51  Roach  
  52  5:06  Spine Crawler  
  51  5:11  Roach x5  
  51  5:12  Roach x4  
  69  5:19  Zerg Missile Weapons Level 2  
  69  5:22  Roach x2  
  69  5:24  Roach  
  75  5:32  Glial Reconstitution  
  75  6:00  Roach x5  
  75  6:01  Roach x4  
  93  6:09  Overlord x3  
  93  6:10  Roach x3  
  99  6:31  Spore Crawler  
  98  6:34  Spore Crawler x2  
  98  6:35  Spore Crawler  
  98  6:36  Queen  
  89  7:02  Hydralisk Den  
  80  7:33  Spore Crawler  
  77  7:37  Spore Crawler  
  77  7:39  Drone x3  
  77  7:40  Drone x4, Overlord x2, Spore Crawler  
  77  7:42  Spore Crawler  
  79  7:46  Spore Crawler  
  74  7:52  Hydralisk x5  
  74  7:53  Hydralisk x7  
Tags
 
Add a new tag
Caveats
  • Supply blocks, unpowered buildings, or Contaminate may cause inaccurate times.
  • Supply counts are checked every 10 seconds.